 Dungeon Crawl Stone Soup version 0.22.0-27-ga576289 (webtiles) character file.

162 Monsterracer the Chopper (level 5, -2/32 HPs)
             Began as a Gargoyle Abyssal Knight on Aug 21, 2018.
             Was a Believer of Lugonu.
             Slain by an ogre
             ... wielding a +0 giant spiked club
              (19 damage)
             ... on level 3 of the Dungeon.
             The game lasted 00:02:54 (3984 turns).

Monsterracer the Chopper (Gargoyle Abyssal Knight)  Turns: 3984, Time: 00:02:56

Health: -2/32      AC: 13    Str: 16    XL:     5   Next: 43%
Magic:  6/6        EV:  6    Int: 13    God:    Lugonu [**....]
Gold:   168        SH:  0    Dex:  9    Spells: 4/4 levels left

rFire    . . .     SeeInvis +   a - +1 hand axe
rCold    . . .     Gourm    .   (no shield)
rNeg     + . .     Faith    .   s - +0 chain mail
rPois    ∞         Spirit   .   (no helmet)
rElec    +         Reflect  .   l - scarf {cloud immunity}
rCorr    .         Harm     .   (no gloves)
MR       .....                  m - +0 pair of boots
Stlth    ..........             (no amulet)
HPRegen  0.10/turn              r - ring of see invisible
MPRegen  0.10/turn              (no ring)

@: no status effects
A: negative energy resistance 1, electricity resistance, unbreathing,
petrification resistance, rot immunity, AC +4
a: Depart the Abyss, Bend Space, Renounce Religion


You were on level 3 of the Dungeon.
You worshipped Lugonu.
Lugonu was pleased with you.
You were not hungry.

You visited 1 branch of the dungeon, and saw 3 of its levels.
You visited the Abyss 1 time.

You collected 168 gold pieces.

Inventory:

Hand Weapons
 a - a +1 hand axe (weapon)
Armour
 l - a scarf of cloud immunity (worn)
 m - a +0 pair of boots (worn)
 s - a +0 chain mail (worn)
Jewellery
 r - a ring of see invisible (left hand)
Scrolls
 d - 3 scrolls of teleportation {unknown}
 f - 2 scrolls of fear {unknown}
 h - a scroll of remove curse {unknown}
 i - a scroll of random uselessness {unknown}
 j - a scroll of enchant weapon {unknown}
 k - 3 scrolls of identify {unknown}
 n - a scroll of immolation {unknown}
 q - a scroll of fog {unknown}
 t - a scroll of amnesia {unknown}
Potions
 e - a potion of lignification {unknown}
 g - a potion of agility {unknown}
 o - a potion of berserk rage {unknown}
 p - 3 potions of curing {unknown}
Comestibles
 c - 3 rations


   Skills:
 + Level 3.6 Fighting
 * Level 4.6 Axes
 - Level 2.1 Armour
 - Level 0.7 Dodging
 + Level 2.4 Invocations


You had 4 spell levels left.
You didn't know any spells.
Your spell library was empty.

Dungeon Overview and Level Annotations

Branches:
Dungeon (3/15)

Altars:
Xom
Zin
The Shining One

Annotations:
D:3 1 runed door


Innate Abilities, Weirdness & Mutations

You are resistant to torment.
Your stone body is resilient. (AC +4)
You are immune to poison.
You resist negative energy. (rN+)
You are resistant to electric shocks. (rElec)
You can survive without breathing.
You are immune to petrification.
You are immune to rotting.


Message History

No reachable target in view!
No reachable target in view!
The angel recites the Axioms of Law.
You see here a whip.
Found 13 stones.
No target in view!
Found a pair of boots.
No target in view!
Found a stone staircase leading up.
No target in view!
No target in view!
There is a stone staircase leading up here.
Found a stone staircase leading down.
No target in view!
Found 14 poisoned needles.
You see here 14 poisoned needles.
c - 2 rations (gained 1)
Found 29 stones.
A bat comes into view.
A bat is nearby!
You barely miss the bat. The bat hits you but does no damage. x2
You hit the bat.
You kill the bat!
Lugonu accepts your kill.
No target in view!
t - a scroll labeled PENLAUCKUNAU You see here 29 stones.
All of the chunks of flesh in your inventory have rotted away.
A leopard gecko comes into view.
The leopard gecko hisses angrily.
You closely miss the leopard gecko. The leopard gecko barely misses you.
A leopard gecko is nearby!
You barely miss the leopard gecko. The leopard gecko barely misses you.
The leopard gecko bites you but does no damage.
A leopard gecko is nearby!
You hit the leopard gecko.
The leopard gecko is heavily wounded.
The leopard gecko bites you but does no damage.
You slash the leopard gecko!
You kill the leopard gecko!
Lugonu accepts your kill.
p - 3 white potions (gained 1)
You now have 153 gold pieces (gained 9).
A bat comes into view.
You completely miss the bat. The bat hits you but does no damage.
You hit the bat.
You kill the bat!
Lugonu accepts your kill.
You see here a bat corpse.
As you open the door, it creaks loudly!
Found a glowing golden altar of the Shining One.
No target in view!
You see here 14 poisoned needles.
Found two maces.
No target in view!
You see here a mace.
Found a runed door.
No target in view!
You see here a mace.
You are feeling hungry.
No target in view!
You butcher the bat corpse.
b - a chunk of flesh You see here a bat skeleton. x2
Eating a chunk of flesh.
You eat the chunk of flesh.
This raw flesh tastes terrible.
You see here 14 poisoned needles.
Key pressed, stopping explore.
No target in view!
No target in view!
Key pressed, stopping explore.
No target in view!
You see here 20 stones.
There is a stone staircase leading up here.
You see here 11 stones.
You see here a mace.
Key pressed, stopping explore.
No target in view!
Key pressed, stopping explore.
No target in view!
Key pressed, stopping explore.
No target in view!
There is a stone staircase leading up here.
You see here a hand axe.
Found an embroidered scarf.
You now have 168 gold pieces (gained 15).
c - 3 rations (gained 1)
An ogre comes into view. It is wielding a giant spiked club.
Found an encrusted diamond ring.
An ogre is nearby!
You hit the ogre.
The ogre is lightly wounded.
The ogre hits you with a giant spiked club!
You take 15 damage, and have 17/32 hp.
MASSIVE DAMAGE!!
You are too injured to fight recklessly!
You hit the ogre.
The ogre is moderately wounded.
The ogre hits you with a giant spiked club!!
Ouch! That really hurt!
You die...

#.####... #....†...
# ### #####..#. .
..# #.### #. #.#
#..#. #.##.# ##...
#=#..... ####
#......#####.###
#..@O...... #####
#.##....########≈≈..
#.# ...##≈≈≈≈≈≈≈≈≈≈.
#######.#
...#≈.≈≈≈≈≈≈≈≈#.
#.......#
...#..#########.
#.#####.#
...#..≈≈≈≈≈≈##..
####.#
...##≈≈≈...≈≈##. #
#[...#
....##≈≈≈≈≈≈..##
#.##.##.#
#########..#


You could see an ogre.

Vanquished Creatures
  2 orc priests
  An adder (D:2)
  A worm (D:3)
  7 dart slugs
  4 leopard geckos (D:3)
  6 orcs
  A ball python (D:3)
  2 bats (D:3)
  8 giant cockroaches
  7 goblins
  3 hobgoblins
  3 jackals (D:1)
  9 kobolds
  3 quokkas
  2 frilled lizards
  3 rats (D:2)
62 creatures vanquished.

Notes
Turn   | Place    | Note
-------+----------+-------------------------------------------
     0 | Abyss:1  | Monsterracer the Gargoyle Abyssal Knight began the quest for the Orb.
     0 | Abyss:1  | Reached XP level 1. HP: 14/14 MP: 2/2
    14 | D:1      | Escaped the Abyss
    29 | D:1      | Reached skill level 2 in Axes
    48 | D:1      | Reached XP level 2. HP: 17/19 MP: 3/3
   598 | D:1      | Reached skill level 3 in Axes
   634 | D:1      | Reached XP level 3. HP: 23/23 MP: 4/4
  1163 | D:2      | HP: 10/23 [adder (4)]
  2187 | D:2      | Reached XP level 4. HP: 28/28 MP: 5/5
  2524 | D:2      | HP: 9/28 [orc priest/divine providence (12)]
  2527 | D:2      | Reached skill level 4 in Axes
  2735 | D:3      | HP: 14/28 [orc priest/divine providence (14)]
  2742 | D:2      | Reached ** piety under Lugonu
  2893 | D:3      | HP: 2/28 [orc priest/divine providence (13)]
  2894 | D:3      | Reached XP level 5. HP: 3/32 MP: 6/6
  3074 | D:3      | HP: 16/32 [ball python (1)]
  3094 | D:3      | HP: 16/32 [giant cockroach (1)]
  3118 | D:3      | HP: 16/32 [leopard gecko (1)]
  3124 | D:3      | HP: 16/32 [leopard gecko (1)]
  3559 | D:3      | Found a glowing silver altar of Zin.
  3560 | D:3      | Noticed an angel
  3566 | D:3      | Found a shimmering altar of Xom.
  3799 | D:3      | Found a glowing golden altar of the Shining One.
  3830 | D:3      | Found a runed door.
  3981 | D:3      | Noticed an ogre
  3984 | D:3      | Slain by an ogre

Skill      XL: |  1  2  3  4 |
---------------+-------------+-----
Axes           | 2 3 4 |  4.6
Fighting       | |  3.6
Armour         | |  2.1
Dodging        | |  0.7
Invocations    | |  2.4

Action                   |  1- 3 |  4- 6 || total
-------------------------+-------+-------++-------
Melee: Hand axe          |   111 |   118 ||   229
  Eat: Chunk             |     4 |     6 ||    10
Armor: Leather armour    |    34 |    39 ||    73
       Chain mail        |       |    10 ||    10
Dodge: Dodged            |    67 |    66 ||   133

Vault maps used:
D:1:      dpeg_arrival_long_road, minmay_crystal_water
D:3:      grunt_temple_overflow_order_and_chaos_1, tso_oasis_becter,
          gup_sewer_entry_pipe, first_ration, uniq_crazy_yiuf_cottage
